 Dungeon Crawl Stone Soup version 0.25-a0-1073-gf4359a17dd (webtiles) character file.

Game seed: 8799538337887529931, levelgen mode: deterministic

3633 Flugslaktarn the Cleaver (level 9, 0/82 HPs)
             Began as a Deep Dwarf Fighter on May 14, 2020.
             Was a Follower of Makhleb.
             Slain by a two-headed ogre
             ... wielding a +0 giant spiked club
              (12 damage)
             ... on level 8 of the Dungeon.
             The game lasted 00:02:51 (3732 turns).

Flugslaktarn the Cleaver (Deep Dwarf Fighter)       Turns: 3732, Time: 00:02:52

Health: 0/82       AC: 14    Str: 23    XL:     9   Next: 87%
Magic:  7/7        EV:  6    Int:  8    God:    Makhleb [*.....]
Gold:   335        SH: 11    Dex: 13    Spells: 8/8 levels left

rFire    . . .     SeeInvis .   l - +1 war axe (flame)
rCold    . . .     Gourm    .   c - +0 kite shield
rNeg     . . .     Faith    .   y - +0 chain mail
rPois    .         Spirit   .   (no helmet)
rElec    .         Reflect  .   (no cloak)
rCorr    .         Harm     .   (no gloves)
MR       +....                  b - +2 pair of boots {run}
Stlth    ..........             (no amulet)
HPRegen  0.00/turn              (no ring)
MPRegen  0.10/turn              (no ring)

@: non-regenerating, quick
A: damage resistance, heal wounds, sense surroundings 2, no regeneration
a: Heal Wounds, Renounce Religion


You were on level 8 of the Dungeon.
You worshipped Makhleb.
Makhleb was aware of your devotion.
You were not hungry.

You visited 1 branch of the dungeon, and saw 8 of its levels.

You collected 335 gold pieces.

Inventory:

Hand Weapons
 a - a +1 war axe
 l - a +1 war axe of flaming (weapon)
   (You found it on level 7 of the Dungeon)
Armour
 b - a +2 pair of boots of running (worn)
   (You acquired it on level 7 of the Dungeon)
 c - a +0 kite shield (worn)
 y - a +0 chain mail (worn)
   (You found it on level 7 of the Dungeon)
Jewellery
 u - an uncursed ring of protection from cold {unknown}
   (You found it on level 6 of the Dungeon)
 v - an uncursed amulet of the acrobat
   (You took it off a kobold on level 7 of the Dungeon)
Wands
 f - a wand of iceblast (7)
   (You took it off a wight on level 5 of the Dungeon)
Scrolls
 j - 2 scrolls of enchant weapon
 p - a scroll of magic mapping
 s - 3 scrolls of enchant armour
 t - a scroll of fear
Potions
 d - a potion of might
 h - a potion of haste
 i - 2 potions of degeneration
 k - a potion of brilliance
 m - a potion of flight
 n - a potion of magic {unknown}
 o - 2 potions of stabbing {unknown}
 q - 2 potions of curing
 w - a potion of heal wounds
 x - a potion of cancellation
Comestibles
 e - 6 rations
 g - 10 chunks of flesh


   Skills:
 + Level 6.1 Fighting
 * Level 9.6 Axes
 + Level 7.4 Armour
 + Level 7.3 Shields
 + Level 5.5 Invocations


You had 8 spell levels left.
You didn't know any spells.
Your spell library was empty.

Dungeon Overview and Level Annotations

Branches:
Dungeon (8/15)             Temple (0/1) D:7
   Lair: D:8-11

Altars:
Makhleb
Wu Jian

Shops:
D:7 }


Innate Abilities, Weirdness & Mutations

You are resistant to damage.
You can heal yourself by infusing magical energy.
You passively map the area around you.
You do not regenerate.


Message History

Your shield and chain mail prevent you from hitting the two-headed ogre.
The two-headed ogre hits you with a +0 giant spiked club!
The two-headed ogre barely misses you.
You slash the two-headed ogre! You burn the two-headed ogre.
The two-headed ogre is moderately wounded.
The two-headed ogre barely misses you.
The two-headed ogre hits you with a +0 giant spiked club.
You hit the two-headed ogre. You burn the two-headed ogre.
The two-headed ogre is heavily wounded.
The two-headed ogre hits you with a +0 giant spiked club!!
* * * LOW HITPOINT WARNING * * *
The two-headed ogre hits you with a +0 giant spiked club!
* * * LOW HITPOINT WARNING * * *
You hit the two-headed ogre but do no damage.
The two-headed ogre is heavily wounded.
You hit the two-headed ogre. You burn the two-headed ogre.
The two-headed ogre is heavily wounded.
The two-headed ogre hits you but does no damage.
The two-headed ogre hits you with a +0 giant spiked club!
You die...

, #.# ##.#.#.#.## * #.#
#....##.# * * * * ####.#
#.#.###.# * #....#
#.#.###.## * * * #<####
#..#...#.. ,* ## * #.#
###.###.## * *
*#...###.#### #.......<.
.........(.####..####.##
, , ...###@##.......#
#.... * ,
......O..#..####.###.###
,*
*##.####.##.........รท.#
, , ,,
#####.####.##..### * #.#
#........ ** ,* #.#
####>.### ,* ,,* #.#
##..... * * #.# ##...###
* #.# * #.....#


You could see a two-headed ogre.

Vanquished Creatures
  A hungry ghost (D:7)
  A water moccasin (D:8)
  3 sky beasts
  A black bear (D:6)
  3 ice beasts
  A phantom (D:4)
  7 ogres
  4 centaurs
  A big kobold (D:7)
  6 bullfrogs
  3 scorpions
  5 wights (D:5)
  5 howler monkeys
  A centaur zombie (D:7)
  2 crimson imps
  3 hounds
  2 jellies (D:5)
  3 orc priests
  Jessica (D:2)
  3 iguanas (D:4)
  6 orc wizards
  3 worker ants (D:7)
  3 adders
  3 gnolls (D:6)
  A shadow imp (D:7)
  An ooze (D:4)
  An adder skeleton (D:5)
  2 dart slugs
  4 leopard geckos
  16 orcs
  A ball python (D:3)
  2 giant cockroaches
  A goblin (D:1)
  4 jackals (D:5)
  4 kobolds
  A quokka (D:7)
  2 bats (D:1)
  A leopard gecko skeleton (D:4)
  A quokka skeleton (D:5)
  A quokka zombie (D:5)
  2 rats (D:1)
116 creatures vanquished.

Notes
Turn   | Place    | Note
-------+----------+-------------------------------------------
     0 | D:1      | Flugslaktarn the Deep Dwarf Fighter began the quest for the
                  | Orb.
     0 | D:1      | Reached XP level 1. HP: 20/20 MP: 1/1
   118 | D:1      | Reached XP level 2. HP: 25/27 MP: 2/2
   156 | D:2      | Noticed Jessica
   161 | D:2      | Killed Jessica
   161 | D:2      | Reached skill level 3 in Axes
   161 | D:2      | Reached XP level 3. HP: 32/34 MP: 3/3
   301 | D:4      | Noticed an ogre
   308 | D:4      | Killed an ogre
   308 | D:4      | Reached skill level 4 in Axes
   308 | D:4      | Reached XP level 4. HP: 37/42 MP: 4/4
   308 | D:4      | Reached XP level 5. HP: 43/49 MP: 5/5
   513 | D:4      | Reached XP level 6. HP: 24/57 MP: 5/5
   864 | D:4      | Reached skill level 5 in Axes
  1050 | D:4      | Noticed a sky beast
  1088 | D:4      | Reached XP level 7. HP: 34/64 MP: 6/6
  1116 | D:4      | Reached skill level 5 in Armour
  1116 | D:4      | Reached skill level 5 in Shields
  1256 | D:4      | Reached skill level 6 in Axes
  1366 | D:5      | Entered Level 5 of the Dungeon
  1473 | D:5      | Found a burning altar of Makhleb.
  1546 | D:5      | Became a worshipper of Makhleb the Destroyer
  1811 | D:5      | Reached skill level 1 in Invocations
  1811 | D:5      | Reached XP level 8. HP: 42/73 MP: 5/5
  1870 | D:5      | Reached skill level 7 in Axes
  2231 | D:6      | Reached skill level 5 in Fighting
  2374 | D:6      | Reached skill level 8 in Axes
  2785 | D:6      | Gained mutation: You passively map the area around you.
                  | [Deep Dwarf growth]
  2785 | D:6      | Reached XP level 9. HP: 33/81 MP: 6/6
  2923 | D:7      | Found a staircase to the Ecumenical Temple.
  2934 | D:7      | Found Saesim Hoemm's Gadget Emporium.
  3073 | D:7      | Identified a scroll of acquirement
  3073 | D:7      | Identified a +1 pair of boots of running (You acquired it
                  | on level 7 of the Dungeon)
  3125 | D:7      | Reached * piety under Makhleb
  3211 | D:7      | Found an ornate altar of the Wu Jian Council.
  3215 | D:7      | Reached skill level 9 in Axes
  3384 | D:7      | Reached skill level 5 in Invocations
  3715 | D:8      | Noticed a two-headed ogre
  3732 | D:8      | Slain by a two-headed ogre

Illustrated notes

Levels and vault maps discovered:
D:1:      dpeg_arrival_boxes_within_box, layout_basic
D:2:      layout_loops_ring, lemuel_doored_altar, lemuel_crystal_altar,
          uniq_jessica
D:3:      layout_basic, okawaru_trees_1, bloody_trog, gammafunk_ghost_necromancy
D:4:      minmay_clustersquares, layout_loops_corners, first_ration
D:5:      layout_loops_ring, bloody_makhleb
D:6:      layout_basic
D:7:      layout_cave_pools, old_standard_altar, minmay_temple_entry_glass,
          serial_shops, nicolae_shop_stone
D:8:      layout_loops_ring, grunt_pizzeria

Skill      XL: |  1  2  3  4  5  6  7  8  9 |
---------------+----------------------------+-----
Fighting       | 3 4 5 6 |  6.1
Axes           | 3 4 5 6 8 9 |  9.6
Armour         | 4 5 6 7 |  7.4
Shields        | 4 5 6 7 |  7.3
Invocations    | 1 3 5 |  5.5

Action                   |  1- 3 |  4- 6 |  7- 9 || total
-------------------------+-------+-------+-------++-------
Melee: War axe           |    75 |    97 |   408 ||   580
 Abil: Heal Wounds       |     1 |     6 |    23 ||    30
  Use: Scroll            |       |       |    16 ||    16
  Eat: Chunk             |       |     1 |    11 ||    12
       Ration            |       |       |     1 ||     1
Armor: Scale mail        |    37 |    57 |   105 ||   199
       Chain mail        |       |       |    54 ||    54
Dodge: Dodged            |    24 |    23 |   113 ||   160
Block: Kite shield       |    39 |    45 |   204 ||   288

Table legend:
 A = Non-vault XP
 B = Vault XP
 C = Vault XP percentage of total XP
 D = Non-vault monster count
 E = Vault monster count
 F = Vault count percentage of total count
                 A         B        C        D         E       F
            +---------+---------+-------+---------+---------+-------
      Total |    4930 |     261 |   5.0 |     111 |       5 |   4.3
            +---------+---------+-------+---------+---------+-------
        D:1 |      12 |       0 |   0.0 |       7 |       0 |   0.0
        D:2 |      31 |      37 |  54.4 |       3 |       1 |  25.0
        D:3 |       2 |       0 |   0.0 |       1 |       0 |   0.0
        D:4 |     689 |     224 |  24.5 |      27 |       4 |  12.9
        D:5 |     797 |       0 |   0.0 |      22 |       0 |   0.0
        D:6 |    1014 |       0 |   0.0 |      13 |       0 |   0.0
        D:7 |    1645 |       0 |   0.0 |      29 |       0 |   0.0
        D:8 |     740 |       0 |   0.0 |       9 |       0 |   0.0
            +---------+---------+-------+---------+---------+-------
